 Dungeon Crawl Stone Soup version 0.30-a0-782-ge64f9170bb (webtiles) character file.

Game seed: 2863447614534129469

11180 Noulsu the Destroyer (level 11, -2/74 HPs)
             Began as a Ghoul Conjurer on Mar 16, 2023.
             Was a Follower of Sif Muna.
             Slain by a cane toad (14 damage)
             ... on level 1 of the Lair of Beasts on Mar 17, 2023.
             The game lasted 01:47:47 (19064 turns).

Noulsu the Destroyer (Ghoul Conjurer)              Turns: 19064, Time: 01:47:48

Health: -2/74      AC: 10    Str: 20    XL:     11   Next: 73%
Magic:  9/28       EV: 11    Int: 17    God:    Sif Muna [*.....]
Gold:   110        SH:  0    Dex:  2    Spells: 3/22 levels left

rFire   . . .      SeeInvis .    a - +3 dire flail "Uziongon" {vamp, rN+ Will+ rCorr Str+8 Dex-5, !a}
rCold   + . .      Faith    +    (shield currently unavailable)
rNeg    + + +      Spirit   .    T - +1 steam dragon scales
rPois   ∞          Reflect  .    S - +2 helmet
rElec   .          Harm     .    F - +0 cloak
rCorr   +          Rampage  .    (no gloves)
Will    ++...                    (no boots)
Stlth   +                        Y - amulet of faith
HPRegen 0.00/turn                v - ring of magical power {!R!T!w}
MPRegen 0.21/turn                f - ring of willpower

@: inhibited regen
A: claws 1, cold resistance 1, negative energy resistance 3, inhibited
regeneration, torment resistance 2, devour on kill
a: Renounce Religion, Channel Magic


You were on level 1 of the Lair of Beasts.
You worshipped Sif Muna.
Sif Muna was aware of your devotion.
You visited 3 branches of the dungeon, and saw 14 of its levels.

You collected 784 gold pieces.
You spent 674 gold pieces at shops.

Inventory:

Hand Weapons
 a - the +3 dire flail "Uziongon" (weapon) {vamp, rN+ Will+ rCorr Str+8 Dex-5, !a}
   (You took it off an ogre on level 3 of the Dungeon)

   Str:       It affects your strength (+8).
   Dex:       It affects your dexterity (-5).
   rN:        It protects you from negative energy.
   rCorr:     It protects you from acid and corrosion.
   Will:      It increases your willpower.
 b - a +1 shortbow {!a}
 j - the +0 shortbow of Revolt {flame, rC++ rN+++ Str-4, !a}
   (You bought it in a shop on level 1 of the Dungeon)

   Str:       It affects your strength (-4).
   rC:        It greatly protects you from cold.
   rN:        It renders you almost immune to negative energy.
 o - a +4 mace of draining {!a}
 t - a +2 dagger of venom {!a}
 u - a +2 short sword of venom {!a}
 x - a +6 dagger of freezing {!a}
 K - a +0 mace of protection {!a}
 R - a +2 mace of venom {!a}
Missiles
 h - 3 javelins
 z - 18 poisoned darts
 E - a throwing net
 I - 3 atropa-tipped darts
Armour
 D - the +1 buckler of a bazaar {Harm SInv}
   (You found it on level 12 of the Dungeon)

   SInv:      It lets you see invisible.
   Harm:      It increases damage dealt and taken.
 F - a +0 cloak (worn)
 S - a +2 helmet (worn)
 T - +1 steam dragon scales (worn)
Magical Staves
 c - a staff of air {!a}
Jewellery
 f - a ring of willpower (right claw)
 v - a ring of magical power (left claw) {!R!T!w}
 H - a ring of flight
 J - a ring of wizardry
 Y - an amulet of faith (around neck)
Wands
 p - a wand of flame (27)
 r - a wand of polymorph (9)
 w - a wand of mindburst (2)
Scrolls
 d - 2 scrolls of amnesia
 e - a scroll of acquirement {unknown}
 g - a scroll of immolation {unknown}
 k - a scroll of silence {unknown}
 n - a scroll of enchant weapon {!a}
 q - 2 scrolls of noise
 s - 2 scrolls of torment {unknown}
 B - a scroll of fear {unknown}
 L - a scroll of vulnerability
 M - 2 scrolls of magic mapping
 N - 2 scrolls of teleportation
 O - 4 scrolls of fog
 P - a scroll of poison
Potions
 i - 3 potions of attraction
 l - 4 potions of flight
 m - 2 potions of might
 A - 2 potions of ambrosia
 C - 6 potions of curing
 G - a potion of magic
 Q - 2 potions of haste
 W - 4 potions of heal wounds
Miscellaneous
 y - a lightning rod (4/4)


   Skills:
 - Level 1.7 Dodging
 - Level 2.1 Stealth
 + Level 6.0 Spellcasting
 - Level 10.0 Conjurations
 - Level 6.0 Hexes
 - Level 6.0 Translocations
 - Level 9.1 Invocations


You had 3 spell levels left.
You knew the following spells:

 Your Spells              Type           Power      Damage    Failure   Level
k - Iskenderun's Battles  Conj           39%        2d9       6%          5
s - Stone Arrow           Conj/Erth      44%        3d9       4%          3
w - Iskenderun's Mystic   Conj/Tloc      32%        2d8       4%          4
A - Magic Dart            Conj           100%       1d8       1%          1
F - Searing Ray           Conj           78%        2d7       1%          2
S - Fulminant Prism       Conj/Hex       16%        3d10      4%          4

Your spell library contained the following spells:

 Spells                   Type           Power      Damage    Failure   Level
 Apportation              Tloc           50%        N/A       1%          1
 Dazzling Flash           Conj/Hex       64%        N/A       1%          3
 Static Discharge         Conj/Air       44%        2-4/arc   2%          2
 Hailstorm                Conj/Ice       22%        3d7       4%          3
 Vhi's Electric Charge    Tloc/Air       30%        N/A       11%         3
 Freeze                   Ice            20%        1d4       13%         1
 Necrotise                Necr           20%        1d5       13%         1
 Summon Small Mammal      Summ           20%        N/A       13%         1
 Frozen Ramparts          Ice            10%        1d2       36%         3
 Arcjolt                  Conj/Air       11%        1d21      41%         5
 Lightning Bolt           Conj/Air       11%        1d24      41%         5
 Animate Armour           Summ/Erth      10%        N/A       77%         4
 Iron Shot                Conj/Erth      11%        9d3       94%         6
 Spellforged Servitor     Conj/Summ      11%        N/A       100%        7
 Lehudib's Crystal Spear  Conj/Erth      11%        10d4      100%        8


Dungeon Overview and Level Annotations

Branches:
Dungeon (12/15)            Temple (1/1) D:7            Lair (1/5) D:11
    Orc (0/2) D:10

Altars:
Ashenzari
Cheibriados
Dithmenos
Fedhas
Gozag
Hepliaklqana
Kikubaaqudgha
Makhleb
Nemelex Xobeh
Okawaru
Qazlal
Ru
Sif Muna
Trog
Uskayaw
Vehumet
Wu Jian
Xom
Yredelemnul

Shops:
D:1 *   D:4 [[=*   D:5 [   D:10 ??

Annotations:
D:12 Rupert


Innate Abilities, Weirdness & Mutations

You are immune to poison.
You have sharp fingernails.
Your flesh is cold resistant. (rC+)
You are immune to negative energy. (rN+++)
You do not regenerate when monsters are visible.
You are immune to unholy pain and torment.
You thrive by killing the living.


Message History

Burning bush 2 You erupt in a blast of force!
The mystic blast hits the bush.
The bush is lightly damaged.
The mystic blast hits the bush.
The bush is lightly damaged.
The mystic blast hits the burning bush.
The burning bush is lightly damaged.
The mystic blast hits the bush.
The bush is lightly damaged.
The mystic blast hits the cane toad!
The cane toad is moderately wounded.
The komodo dragon hisses angrily.
The cane toad stings you!
Unknown command.
You conjure a globe of magical energy.
The burning bush throws fire at you. The puff of flame hits you!
The cane toad closely misses you.
You erupt in a blast of force!
The mystic blast hits the bush.
The bush is lightly damaged.
The mystic blast hits the bush!
The bush is lightly damaged.
The mystic blast hits the burning bush.
The burning bush is lightly damaged.
The mystic blast hits the bush.
The bush is lightly damaged.
The mystic blast hits the cane toad but does no damage.
The cane toad is moderately wounded.
The barrage of energy hits the komodo dragon but does no damage.
The burning bush throws fire at you. The puff of flame hits you.
The cane toad stings you but does no damage.
You don't have enough magic to cast this spell.
The cane toad closely misses you.
Unknown command.
You erupt in a blast of force!
The mystic blast hits the bush but does no damage.
The bush is lightly damaged.
The mystic blast hits the bush.
The bush is lightly damaged.
The mystic blast hits the komodo dragon!
The komodo dragon is lightly wounded.
The komodo dragon is knocked back by the mystic blast.
The mystic blast hits the burning bush!
The burning bush is moderately damaged.
The mystic blast hits the bush but does no damage.
The bush is lightly damaged.
The mystic blast hits the cane toad!
The cane toad is heavily wounded.
The cane toad is knocked back by the mystic blast.
The barrage of energy hits the burning bush but does no damage.
The burning bush is moderately damaged.
The burning bush throws fire at you.
The puff of flame hits you but does no damage.
The burning bush throws fire at you. The puff of flame hits you!
Unknown command.
You don't have enough magic to cast this spell.
You don't have enough magic to cast this spell.
Found a stone staircase leading down.
Unknown command.
You erupt in a blast of force!
The mystic blast hits the bush but does no damage.
The mystic blast hits the bush.
The bush is lightly damaged.
The mystic blast hits the bush but does no damage.
The bush is lightly damaged.
The mystic blast hits the burning bush!
The burning bush is heavily damaged.
The mystic blast hits the cane toad.
The cane toad is heavily wounded.
The barrage of energy hits the komodo dragon.
The komodo dragon is moderately wounded.
The cane toad completely misses you.
Unknown command.
The cane toad attacks as you move away! The cane toad stings you.
You feel less invigorated.
You erupt in a blast of force!
The mystic blast hits the bush.
The bush is lightly damaged.
The mystic blast hits the bush but does no damage.
The bush is lightly damaged.
The mystic blast hits the bush.
The bush is lightly damaged.
The mystic blast hits the burning bush.
The burning bush is severely damaged.
The mystic blast hits the cane toad but does no damage.
The cane toad is heavily wounded.
The barrage of energy hits the cane toad.
The cane toad is severely wounded.
The cane toad stings you!!
* * * LOW HITPOINT WARNING * * *
The burning bush throws fire at you. The puff of flame hits you!
* * * LOW HITPOINT WARNING * * *
The cane toad stings you!
You die...

#....P #.#.#.
##..... #..>..#.
.P.....P#.......#
..............l..
........#>*.8...#
...............[.
.......P#.......#
........F#.....#
#+P#.P@P.#
#.....P......
#...P...P...P
#......### ##
#.......#
.........#
..........
#######.####


You could see a komodo dragon, a burning bush, a cane toad (ally target) and a
friendly battlesphere.

Vanquished Creatures
  2 two-headed ogres (D:9)
  A manticore (D:12)
  2 cyclopes
  A cane toad (Lair:1)
  Maggie (D:8)
  An unseen horror (D:11)
  2 trolls
  2 shadows
  15 yaks
  2 wyverns (D:9)
  3 wraiths
  2 steam dragons (D:9)
  4 vampire mosquitoes
  2 wargs (D:11)
  An acid dragon (D:12)
  Duvessa (D:4)
  2 ice beasts (D:5)
  4 orc warriors
  The ghost of frkthc the Trooper, an amateur HOFi (D:3)
  4 black bears
  A sky beast (D:6)
  A centaur (D:10)
  3 ogres
  A necrophage (D:6)
  2 bullfrogs
  A gnoll sergeant (D:9)
  2 scorpions (D:5)
  3 wights (D:8)
  Dowan (D:4)
  A howler monkey (D:9)
  6 hounds
  8 orc priests
  Crazy Yiuf (D:2)
  A gnoll bouda (D:8)
  4 jellies
  Terence (D:3)
  Natasha (thrice) (D:3)
  4 iguanas
  9 orc wizards
  Robin (D:3)
  6 adders
  6 gnolls
  A shadow imp (D:6)
  6 white imps
  2 ufetubi
  3 worms
  5 dart slugs
  43 orcs
  2 endoplasms
  3 giant cockroaches
  15 goblins
  7 hobgoblins
  5 quokkas
  4 ball pythons
  5 bats
  2 frilled lizards
  9 kobolds
  2 rats
233 creatures vanquished.

Vanquished Creatures (others)
  50 fulminant prisms
  2 fungi (D:2)
  2 plants
  4 withered plants (D:3)
58 creatures vanquished.

Grand Total: 291 creatures vanquished

Notes
Turn   | Place    | Note
-------+----------+-------------------------------------------
     0 | D:1      | Noulsu the Ghoul Conjurer began the quest for the Orb.
     0 | D:1      | Reached XP level 1. HP: 14/14 MP: 2/2
   108 | D:1      | Found Vadepauf's Assorted Antiques.
   125 | D:1      | Bought a fuming sapphire potion for 14 gold pieces
   125 | D:1      | Bought a scroll labelled HEZULE RYCOZUS for 16 gold pieces
   154 | D:1      | Reached skill level 2 in Spellcasting
   208 | D:1      | Reached XP level 2. HP: 20/20 MP: 2/4
   321 | D:1      | Learned a level 2 spell: Searing Ray
   476 | D:1      | Bought a scroll labelled VICOOFR XOAP for 16 gold pieces
   701 | D:1      | Found a faded altar of an unknown god.
  1155 | D:1      | Bought a scroll labelled YGON UCIEDGHE for 16 gold pieces
  1155 | D:1      | Bought a pink potion for 14 gold pieces
  1748 | D:2      | Reached XP level 3. HP: 23/26 MP: 0/5
  1852 | D:2      | Reached skill level 4 in Conjurations
  2875 | D:2      | Found a runed translucent door.
  3100 | D:3      | Noticed Terence
  3230 | D:3      | Found a burning altar of Makhleb.
  3230 | D:3      | Found an ornate altar of the Wu Jian Council.
  3233 | D:3      | Reached XP level 4. HP: 32/33 MP: 2/6
  3452 | D:2      | Learned a level 4 spell: Fulminant Prism
  3473 | D:3      | Reached skill level 5 in Conjurations
  3546 | D:3      | Reached XP level 5. HP: 34/38 MP: 7/7
  3648 | D:3      | Found a basalt altar of Yredelemnul.
  3729 | D:3      | Noticed Robin
  3904 | D:3      | Reached skill level 1 in Hexes
  4030 | D:3      | Killed Robin
  4121 | D:3      | Found a transporter.
  4124 | D:3      | Found a transporter.
  4124 | D:3      | Noticed an ogre
  4124 | D:3      | Noticed frkthc's ghost (amateur HOFi)
  4129 | D:3      | Identified the +3 dire flail "Uziongon" {vamp, rN+ Will+
                  | rCorr Str+8 Dex-5}
  4129 | D:3      | Noticed an ogre
  4272 | D:3      | Reached skill level 2 in Hexes
  4329 | D:3      | Noticed Natasha
  4334 | D:3      | Killed Natasha
  4531 | D:3      | Noticed Natasha
  4545 | D:3      | Killed Natasha
  4546 | D:3      | Reached XP level 6. HP: 25/45 MP: 0/8
  4623 | D:3      | Noticed Natasha
  4631 | D:3      | Killed Natasha
  4632 | D:3      | Reached skill level 3 in Hexes
  5111 | D:3      | Killed Terence
  5609 | D:4      | Noticed Duvessa
  5702 | D:4      | Found Xigufy's Jewellery Boutique.
  5704 | D:4      | Found Ydatadgh's Antique Armour Boutique.
  5705 | D:4      | Found Wuggeviq's General Store.
  5706 | D:4      | Found Xaineler's Armour Boutique.
  5778 | D:4      | Reached skill level 3 in Spellcasting
  5786 | D:4      | Learned a level 4 spell: Iskenderun's Mystic Blast
  5857 | D:4      | Noticed Sigmund
  6270 | D:4      | Reached skill level 1 in Translocations
  6297 | D:4      | Reached XP level 7. HP: 35/50 MP: 4/10
  6307 | D:4      | Reached skill level 2 in Translocations
  6372 | D:4      | Reached skill level 3 in Translocations
  6440 | D:4      | Sigmund changed into Sigmund the ball python
  6440 | D:4      | Noticed Sigmund
  6442 | D:4      | Killed Sigmund the ball python
  7252 | D:5      | Entered Level 5 of the Dungeon
  7855 | D:5      | Reached skill level 6 in Conjurations
  7922 | D:5      | Reached XP level 8. HP: 57/57 MP: 0/11
  8158 | D:5      | Found Vegun's Antique Armour Shop.
  8557 | D:5      | Reached skill level 7 in Conjurations
  9751 | D:6      | Reached skill level 4 in Translocations
  9866 | D:6      | Reached skill level 4 in Hexes
 10119 | D:6      | You are sucked into a shaft and drop 3 floors!
 10128 | D:10     | Entered Level 10 of the Dungeon
 10156 | D:9      | Noticed a shadow
 10365 | D:8      | Reached XP level 9. HP: 58/62 MP: 4/12
 10457 | D:9      | Reached skill level 8 in Conjurations
 10500 | D:9      | Noticed a two-headed ogre
 10512 | D:9      | Reached skill level 4 in Spellcasting
 11066 | D:8      | Learned a level 5 spell: Iskenderun's Battlesphere
 11266 | D:6      | Found a radiant altar of Vehumet.
 11804 | D:4      | Noticed Dowan
 11812 | D:4      | Killed Dowan
 11813 | D:4      | Reached skill level 9 in Conjurations
 11905 | D:4      | Killed Duvessa
 12050 | D:2      | Noticed Crazy Yiuf
 12223 | D:2      | Killed Crazy Yiuf
 12574 | D:3      | Killed frkthc's ghost
 13192 | D:7      | Found a staircase to the Ecumenical Temple.
 13383 | D:8      | Reached skill level 5 in Hexes
 13383 | D:8      | Reached skill level 5 in Translocations
 13438 | D:8      | Reached XP level 10. HP: 69/69 MP: 3/15
 13550 | Temple   | Entered the Ecumenical Temple
 13649 | Temple   | Became a worshipper of Sif Muna the Loreminder
 14023 | D:8      | Reached skill level 5 in Spellcasting
 14117 | D:4      | Bought a ring of wizardry for 390 gold pieces
 14240 | D:7      | Reached * piety under Sif Muna
 14623 | D:8      | Reached skill level 1 in Invocations
 14677 | D:8      | Reached skill level 2 in Invocations
 14682 | D:8      | Reached skill level 3 in Invocations
 14792 | D:8      | Reached skill level 4 in Invocations
 14924 | D:8      | Noticed Maggie
 14935 | D:8      | Killed Maggie
 14936 | D:8      | Reached skill level 5 in Invocations
 15033 | D:8      | Found a hide-covered altar of Uskayaw.
 15034 | D:8      | Found a shadowy altar of Dithmenos.
 15455 | D:9      | Reached skill level 6 in Invocations
 15586 | D:9      | Found a sparkling altar of Nemelex Xobeh.
 15597 | D:9      | Noticed a two-headed ogre
 16009 | D:9      | Killed a two-headed ogre
 16010 | D:9      | Reached skill level 7 in Invocations
 16143 | D:9      | Killed a two-headed ogre
 16144 | D:9      | Reached skill level 8 in Invocations
 16144 | D:9      | Reached XP level 11. HP: 74/74 MP: 1/17
 16148 | D:9      | Learned a level 3 spell: Stone Arrow
 16615 | D:9      | Reached skill level 9 in Invocations
 16711 | D:10     | Found a stormy altar of Qazlal.
 16927 | D:10     | Noticed a cyclops
 16954 | D:10     | Killed a cyclops
 17067 | D:10     | Found Ykuitat's Magic Scroll Shop.
 17151 | D:10     | Found a staircase to the Orcish Mines.
 17184 | D:10     | Found Jex Ben's Magic Scroll Shoppe.
 17263 | D:10     | Found a sacrificial altar of Ru.
 17454 | D:11     | Reached skill level 10 in Conjurations
 17503 | D:11     | Found a staircase to the Lair.
 17903 | D:1      | Bought a coral ring for 80 gold pieces
 17903 | D:1      | Bought an ichor-stained shortbow for 128 gold pieces
 17903 | D:1      | Identified the +0 shortbow of Revolt {flame, rC++ rN+++
                  | Str-4} (You bought it in a shop on level 1 of the Dungeon)
 18165 | D:11     | Noticed a cyclops
 18175 | D:11     | Killed a cyclops
 18371 | D:11     | Reached skill level 6 in Hexes
 18371 | D:11     | Reached skill level 6 in Translocations
 18709 | D:12     | Noticed a manticore
 18759 | D:12     | Killed a manticore
 18834 | D:12     | Identified the +1 buckler of a bazaar {Harm SInv}
 18851 | D:12     | Noticed Rupert
 18893 | Lair:1   | Entered Level 1 of the Lair of Beasts
 19024 | Lair:1   | Reached skill level 6 in Spellcasting
 19064 | Lair:1   | Slain by a cane toad

Illustrated notes

Levels and vault maps discovered:
D:1:      onia_arrival_mini_spirals, layout_basic, serial_shops,
          nicolae_shop_trees, basic_ecumenical_altar, hex_medium,
          palyth_stone_intersect, minivault_11
D:2:      layout_loops_corners, chequers_serial_rivers_micro_e,
          uniq_crazy_yiuf_cottage
D:3:      layout_loops_ring, yredelemnul_altar_generic,
          grunt_temple_overflow_open, gammafunk_ghost_smash, uniq_robin,
          uniq_terence, uniq_natasha
D:4:      layout_basic, minmay_shop_grid_forest, grunt_ministairs_13,
          kennysheep_decorative_pillar, uniq_duvessa, uniq_sigmund
D:5:      layout_loops_ring, serial_shops, shop, minmay_increasing_density
D:6:      layout_rooms, tso_altar, nicolae_vehumet_altar_sigil
D:7:      layout_gridville, minmay_temple_entry_from_below_b,
          chequers_serial_rivers_small_a
D:8:      layout_rooms, gammafunk_temple_overflow_statue, uniq_maggie
D:9:      layout_rooms, mainiacjoe_overflow_six_doors_small,
          serial_bayou_pond_e, minmay_misc_feat_diagonals, minmay_misc_feat_rows
D:10:     layout_basic, mainiacjoe_overflow_brackets,
          nicolae_overflow_crystal_walls, serial_shops, nicolae_square_shop,
          nicolae_shop_trees
D:11:     layout_small_grid, erik_lair_orcish_takeover
D:12:     layout_basic, uniq_rupert, uniq_nergalle, uniq_fannar, uniq_snorg
Temple:   hc_temple_tempest_star
Lair:1:   layout_chaotic_city, gammafunk_ghost_split, evilmike_ambush
          [evilmike_ambush_outer_pillars, evilmike_ambush_inner_basic],
          infiniplex_staircase_pool_2

Skill      XL: |  1  2  3  4  5  6  7  8  9 10 11 |
---------------+----------------------------------+-----
Spellcasting   | 2 3 4 5 6 |  6.0
Conjurations   | 4 5 6 7 9 10 | 10.0
Hexes          | 2 3 4 5 6 |  6.0
Translocations | 1 3 4 5 6 |  6.0
Invocations    | 8 9 |  9.1
Dodging        | |  1.7
Stealth        | |  2.1

Action                     |  1- 3 |  4- 6 |  7- 9 | 10-12 || total
---------------------------+-------+-------+-------+-------++-------
  Melee: Dagger            |     6 |    19 |    16 |       ||    41
         Dire flail        |       |       |       |     5 ||     5
   Fire: Sling             |    43 |    60 |    52 |       ||   155
         Shortbow          |       |       |    28 |     5 ||    33
   Cast: Magic Dart        |    28 |    47 |    48 |    75 ||   198
         Searing Ray       |    10 |    23 |    55 |    17 ||   105
         Fulminant Prism   |       |     4 |     6 |    40 ||    50
         Iskenderun's Batt |       |       |    26 |    67 ||    93
         Iskenderun's Myst |       |       |    11 |    26 ||    37
         Stone Arrow       |       |       |       |     3 ||     3
 Invoke: Channel Magic     |       |       |       |     5 ||     5
  Evoke: Wand              |       |       |     1 |       ||     1
    Use: Scroll            |     4 |     4 |    14 |    13 ||    35
         Potion            |     1 |     1 |     7 |       ||     9
 Armour: Robe              |     4 |     1 |     1 |     2 ||     8
         Animal skin       |       |    14 |    26 |       ||    40
         Steam dragon scal |       |       |       |    22 ||    22
  Dodge: Dodged            |    19 |    33 |    79 |    30 ||   161

Table legend: (Time is in decaauts)
 A = Elapsed time spent in this place.
 B = Non-inter-level travel time spent in this place.
 C = Inter-level travel time spent in this place.
 D = Time resting spent in this place.
 E = Time spent auto-exploring this place.
 F = Levels seen in this place.
 G = Mean time per level.
                   A        B        C        D        E       F      G
               +--------+--------+--------+--------+--------+-----+--------+
         Total |  19171 |  16412 |   2759 |   5087 |   6740 |  14 | 1369.4 |
       Dungeon |  18887 |  16139 |   2748 |   5081 |   6573 |  12 | 1573.9 |
        Temple |    111 |    100 |     11 |      0 |     84 |   1 |  111.0 |
          Lair |    172 |    172 |      0 |      6 |     83 |   1 |  172.0 |
               +--------+--------+--------+--------+--------+-----+--------+

Top non-repeatable levels by time:
     D:4: 2501 daAuts
     D:5: 2495 daAuts
     D:3: 2493 daAuts
     D:2: 2393 daAuts
     D:8: 1723 daAuts
     D:9: 1616 daAuts
     D:1: 1391 daAuts
    D:10: 1168 daAuts
     D:7: 1101 daAuts
     D:6: 1065 daAuts
    D:11: 715 daAuts
    D:12: 221 daAuts
  Lair:1: 172 daAuts
  Temple: 111 daAuts
